 Dungeon Crawl Stone Soup version 0.27-a0-887-gcab673c142 (webtiles) character file.

Game seed: 18066959458146676365

83 jestyr24 the Covered (level 4, -5/40 HPs)
             Began as a Minotaur Fighter on Apr 3, 2021.
             Was a Follower of Uskayaw.
             Slain by Sigmund
             ... wielding a +0 scythe
              (7 damage)
             ... on level 2 of the Dungeon.
             The game lasted 00:03:21 (2031 turns).

jestyr24 the Covered (Minotaur Fighter)             Turns: 2031, Time: 00:03:22

Health: -5/40      AC:  7    Str: 22    XL:     4   Next: 22%
Magic:  3/3        EV:  8    Int:  5    God:    Uskayaw [*.....]
Gold:   60         SH:  0    Dex:  9    Spells: 3/3 levels left

rFire    . . .     SeeInvis .   a - +0 long sword
rCold    . . .     Faith    .   c - +0 kite shield
rNeg     . . .     Spirit   .   b - +0 scale mail
rPois    .         Reflect  .   (helmet restricted)
rElec    .         Harm     .   (no cloak)
rCorr    .         Rampage  .   (no gloves)
Will     .....                  (no boots)
Stlth    ..........             (no amulet)
HPRegen  0.13/turn              (no ring)
MPRegen  0.08/turn              (no ring)

@: confused
A: horns 2, retaliatory headbutt
a: Renounce Religion, Stomp


You were on level 2 of the Dungeon.
You worshipped Uskayaw.
Uskayaw was noncommittal.
You visited 1 branch of the dungeon, and saw 2 of its levels.

You collected 60 gold pieces.

Inventory:

Hand Weapons
 a - a +0 long sword (weapon)
 k - a +0 dagger of draining
Armour
 b - a +0 scale mail (worn)
 c - a +0 kite shield (worn)
Jewellery
 i - a ring of flight
Scrolls
 f - a scroll of enchant weapon {unknown}
 g - a scroll of fog {unknown}
 j - a scroll of brand weapon {unknown}
 l - a scroll of noise {unknown}
Potions
 d - a potion of might
 e - a potion of curing {unknown}
 h - a potion of brilliance {unknown}


   Skills:
 + Level 4.0 Fighting
 + Level 3.2 Long Blades
 + Level 4.5 Armour
 + Level 1.0 Dodging
 + Level 0.1 Stealth
 + Level 4.4 Shields


You had 3 spell levels left.
You didn't know any spells.
Your spell library contained the following spells:

 Spells                   Type           Power      Damage    Failure   Level
 Animate Skeleton         Necr           0%         N/A       99%         1
 Apportation              Tloc           0%         N/A       99%         1
 Corona                   Hex            0%         N/A       99%         1
 Summon Small Mammal      Summ           0%         N/A       99%         1


Dungeon Overview and Level Annotations

Branches:
Dungeon (2/15)

Altars:
Uskayaw

Annotations:
D:2 Sigmund


Innate Abilities, Weirdness & Mutations

You have a pair of horns on your head.
You reflexively headbutt those who attack you in melee.


Message History

You hit the endoplasm.
You kill the endoplasm!
A goblin comes into view. It is wielding a +0 club.
The goblin shouts!
You hear a shout!
The goblin unwields a +0 club.
The goblin wields a +0 hunting sling.
The goblin shoots a stone.
You block the stone.
The goblin shoots a stone.
The stone hits you.
Sigmund the Dreaded comes into view.
He is wielding a +0 scythe.
The goblin shoots a stone.
You block the stone.
The goblin shoots a stone.
The stone hits you but does no damage.
The goblin unwields a +0 hunting sling.
The goblin wields a +0 club.
The goblin closely misses you. You furiously retaliate!
You headbutt the goblin.
You kill the goblin!
Sigmund hits you from afar with a +0 scythe!
Found a scroll labelled POGHO MONYHUGE.
Sigmund barely misses you.
Items here: ( )) †.
You closely miss Sigmund. Sigmund hits you with a +0 scythe!
You closely miss Sigmund. You headbutt Sigmund.
Sigmund is lightly wounded.
Sigmund hits you but does no damage.
You slash Sigmund! Your headbutt misses Sigmund.
Sigmund is heavily wounded.
Sigmund hits you with a +0 scythe!
* * * LOW HITPOINT WARNING * * *
Sigmund hits you with a +0 scythe.
* * * LOW HITPOINT WARNING * * *
You can now pass through a line of other dancers.
Sigmund gestures at himself while chanting.
Sigmund flickers and vanishes!
Deactivating autopickup; reactivate with Ctrl-A.
You can no longer pass through a line of other dancers.
You hear some strange, mumbled words.
You are confused.
You bump into the rock wall.
You bump into the rock wall.
Something hits you.
* * * LOW HITPOINT WARNING * * *
You bump into the rock wall.
Something hits you!
You die...

## #)# .# #.# .#
#.# .# #.#
.########.#
..........##
.#######...## .#
#.###.############
.# #.#
#...{.@......# .#
#.###.##########.#
## #....## #.#
#...## #########.#
###.# #.......#.#
##+## #.###.....#
##...###.# #.#.###
# ##.....##.#
#.#.# # ##
##.......#.###...#
##


There were no monsters in sight!

Vanquished Creatures
  Terence (D:2)
  An adder (D:2)
  4 endoplasms
  4 goblins
  4 hobgoblins (D:1)
  7 jackals (D:1)
  3 quokkas
  7 ball pythons
  4 bats
  A frilled lizard (D:2)
  5 kobolds
  6 rats
47 creatures vanquished.

Notes
Turn   | Place    | Note
-------+----------+-------------------------------------------
     0 | D:1      | jestyr24 the Minotaur Fighter began the quest for the Orb.
     0 | D:1      | Reached XP level 1. HP: 19/19 MP: 0/0
   171 | D:1      | Reached XP level 2. HP: 24/27 MP: 1/1
   667 | D:1      | Found a faded altar of an unknown god.
   679 | D:1      | Became a worshipper of Uskayaw the Reveller
   679 | D:1      | Reached * piety under Uskayaw
   916 | D:1      | Reached XP level 3. HP: 33/33 MP: 2/2
   994 | D:2      | Reached ** piety under Uskayaw
  1581 | D:2      | Reached skill level 1 in Dodging
  1638 | D:2      | Noticed Terence
  1647 | D:2      | Killed Terence
  1648 | D:2      | Reached XP level 4. HP: 20/40 MP: 3/3
  2010 | D:2      | Noticed Sigmund
  2030 | D:2      | HP: 2/40 [something (6)]
  2031 | D:2      | Slain by Sigmund

Illustrated notes

Levels and vault maps discovered:
D:1:      dpeg_arrival_arbitrary_c, layout_basic, shapermc_ecumenical_altar_venn
D:2:      layout_loops_corners, uniq_terence, uniq_sigmund

Skill      XL: |  1  2  3  4 |
---------------+-------------+-----
Armour         | 4 |  4.5
Shields        | 4 |  4.4
Dodging        | 1 |  1.0
Long Blades    | 3 |  3.2
Fighting       | 4 |  4.0
Stealth        | |  0.1

Action                   |  1- 3 |  4- 6 || total
-------------------------+-------+-------++-------
Melee: Long sword        |   103 |    14 ||   117
       Headbutt          |    15 |     2 ||    17
Armor: Scale mail        |    50 |     6 ||    56
Dodge: Dodged            |    25 |     4 ||    29
Block: Kite shield       |    71 |     7 ||    78
       Rpst.: Long sword |     5 |       ||     5

Table legend: (Time is in decaauts)
 A = Elapsed time spent in this place.
 B = Non-inter-level travel time spent in this place.
 C = Inter-level travel time spent in this place.
 D = Time resting spent in this place.
 E = Time spent auto-exploring this place.
 F = Levels seen in this place.
 G = Mean time per level.
                   A        B        C        D        E       F      G
               +--------+--------+--------+--------+--------+-----+--------+
         Total |   2087 |   2039 |     48 |    442 |   1163 |   2 | 1043.5 |
       Dungeon |   2087 |   2039 |     48 |    442 |   1163 |   2 | 1043.5 |
               +--------+--------+--------+--------+--------+-----+--------+

Top non-repeatable levels by time:
     D:2: 1070 daAuts
     D:1: 1017 daAuts
